[Event "Titled Tuesday Blitz November 29 Early 2022"]
[White "Averjanov, Alexey"]
[Black "Bettalli, Francesco"]
[WhiteFideId "14109867"]
[BlackFideId "2816453"]
[WhiteElo "2630"]
[BlackElo "2216"]
[Result "1-0"]
[Round "08"]
[TimeControl "180+1"]
[Date "2022.11.30"]
[WhiteClock "0:00:08"]
[BlackClock "0:00:03"]

1. d4 Nf6 2. c4 g6 3. Nc3 Bg7 4. e4 d6 5. Be2 O-O 6. Nf3 e5 7. O-O exd4 8. Nxd4 Re8 9. f3 Nbd7 10. Bg5 h6 11. Bh4 c6 12. Bf2 Nc5 13. Qd2 Be6 14. Rfd1 Bf8 15. Rac1 Qc7 16. b3 Rad8 17. Bf1 a5 18. Kh1 Bc8 19. Be3 Kh7 20. Rb1 Ne6 21. Nde2 b6 22. Nf4 Nc5 23. Qc2 Kg8 24. a3 Ne6 25. b4 axb4 26. axb4 g5 27. Nxe6 Bxe6 28. b5 c5 29. Rd2 Nd7 30. Rbd1 Ne5 31. Nd5 Bxd5 32. Rxd5 f6 33. Be2 Qg7 34. g3 Ra8 35. f4 Nf7 36. Bh5 Ra3 37. Bc1 Ra1 38. Bb2 Rxd1+ 39. Rxd1 Qh7 40. f5 Qg7 41. Ra1 Re7 42. Ra8 Ne5 43. Bxe5 Rxe5 44. Be8 d5 45. Bc6 dxe4 46. Bxe4 Qe7 47. Bd5+ Kg7 48. Ra1 Qd7 49. Rf1 Bd6 50. Qf2 Qe7 51. Qf3 Qe8 52. Rf2 h5 53. Kg2 Re3 54. Qd1 Re1 55. Qd3 g4 56. Be6 Be5 57. Qd5 Bd4 58. Rf1 Re2+ 59. Kh1 Qb8 60. Qd7+ Kh6 61. Qf7 1-0


[Site "https://www.chess.com"]

[Event "Titled Tuesday Blitz November 29 Early 2022"]
[White "Bacrot, Etienne"]
[Black "Andreikin, Dmitry"]
[WhiteFideId "605506"]
[BlackFideId "4158814"]
[WhiteElo "2666"]
[BlackElo "2736"]
[Result "0-1"]
[Round "08"]
[TimeControl "180+1"]
[Date "2022.11.30"]
[WhiteClock "0:00:27"]
[BlackClock "0:00:50"]

1. e4 c5 2. Nf3 Nc6 3. Bb5 g6 4. O-O Bg7 5. Re1 e5 6. b4 cxb4 7. a3 b3 8. cxb3 Nge7 9. Bb2 O-O 10. d4 d6 11. d5 Nb8 12. Nbd2 f5 13. a4 h6 14. Rc1 g5 15. Ba3 a6 16. Bd3 b5 17. exf5 Bxf5 18. Ne4 Bxe4 19. Bxe4 Qb6 20. a5 Qd8 21. h3 Rf6 22. Nh2 Qxa5 23. Ng4 Qxa3 24. Nxf6+ Bxf6 25. Qg4 Kg7 26. Rc7 Qb4 27. Rec1 Qd2 28. Qe6 Ra7 29. g3 Nd7 30. Qxd7 Qxc1+ 0-1


[Site "https://www.chess.com"]

[Event "Titled Tuesday Blitz November 29 Early 2022"]
[White "Bai, Adelard"]
[Black "Zemlyanskii, Ivan"]
[WhiteFideId "16301188"]
[BlackFideId "24249971"]
[WhiteElo "2299"]
[BlackElo "2107"]
[Result "1/2-1/2"]
[Round "08"]
[TimeControl "180+1"]
[Date "2022.11.30"]
[WhiteClock "0:00:03"]
[BlackClock "0:00:04"]

1. d4 Nf6 2. c4 e6 3. Nf3 d5 4. g3 dxc4 5. Bg2 a6 6. O-O Nc6 7. a4 Rb8 8. a5 Bb4 9. Ra4 Bd7 10. Ne5 Bd6 11. Nxc6 Bxc6 12. Bxc6+ bxc6 13. Rxc4 Qd7 14. Qa4 c5 15. Qc2 cxd4 16. Rxd4 O-O 17. Nc3 e5 18. Rc4 Qe6 19. b3 Bb4 20. Bg5 Bxc3 21. Rxc3 Nd5 22. Rc6 Qg4 23. Qc4 Qxg5 24. Qxd5 Rb5 25. Qc4 Rxa5 26. Rxc7 Rb5 27. Ra1 Qg6 28. Rc6 Qf5 29. Raxa6 Rbb8 30. Ra1 h6 31. Rc1 Rfd8 32. b4 Rd2 33. Rc7 Rbd8 34. b5 Rb2 35. Rc2 Rb1+ 36. Kg2 Rdd1 37. f3 Rg1+ 38. Kf2 Rbf1+ 39. Ke3 Qg5+ 40. f4 Qf5 41. Rc8+ Kh7 42. Qe4 exf4+ 43. gxf4 Qxe4+ 44. Kxe4 Rb1 45. Rb8 Rb4+ 46. Ke3 Rf1 47. b6 Rfxf4 48. b7 Rf6 49. Rc7 Kg6 50. Rd8 Rfb6 51. Rdd7 Rb3+ 52. Kf2 Kg5 53. Rxf7 g6 54. Rfd7 Rf6+ 55. Ke1 Rfb6 56. Kf2 Kf6 57. Re7 Kf5 58. Rf7+ Kg5 59. Rfd7 1/2-1/2


[Site "https://www.chess.com"]

[Event "Titled Tuesday Blitz November 29 Early 2022"]
[White "Baskakov, Egor"]
[Black "Sarana, Alexey"]
[WhiteFideId "24197866"]
[BlackFideId "24133795"]
[WhiteElo "2211"]
[BlackElo "2708"]
[Result "0-1"]
[Round "08"]
[TimeControl "180+1"]
[Date "2022.11.30"]
[WhiteClock "0:00:02"]
[BlackClock "0:00:18"]

1. e4 c5 2. Nf3 d6 3. d4 cxd4 4. Nxd4 Nf6 5. Nc3 a6 6. a4 e5 7. Nde2 Be6 8. g3 Be7 9. Bg2 Nbd7 10. h3 O-O 11. O-O Qa5 12. Bd2 Qb6 13. Rb1 Rfc8 14. Be3 Qb4 15. Bd2 Qc5 16. Be3 Qa5 17. Bd2 Qc7 18. Be3 Nc5 19. a5 Ncd7 20. Ra1 b5 21. axb6 Nxb6 22. b3 a5 23. Qd2 a4 24. Bxb6 Qxb6 25. Nxa4 Qb7 26. c4 Qxb3 27. Rfb1 Qxc4 28. Nb6 Rxa1 29. Rxa1 Qc2 30. Qe3 Rb8 31. Nd5 Nxd5 32. exd5 Bf5 33. Nd4 exd4 34. Qxe7 Qc5 35. Ra7 Rf8 36. Rc7 Qb4 37. Rb7 Qa3 38. Bf1 d3 39. Qe3 h5 40. Rb1 Rc8 41. Rd1 Qb3 42. Qf3 Bg6 43. Rd2 Rc2 44. Rd1 Rc3 45. Rd2 Qb1 46. Kg2 Qc1 47. Qe3 Qb1 48. g4 h4 49. Qe8+ Kh7 50. Qe7 f6 51. Qxd6 Qe1 52. Qf4 Rc1 53. Kf3 Qxf1 54. g5 Qxh3+ 0-1


[Site "https://www.chess.com"]

[Event "Titled Tuesday Blitz November 29 Early 2022"]
[White "Begunov, Konstantin"]
[Black "Roque Sola, Jose Luis"]
[WhiteFideId "4118510"]
[BlackFideId "5120390"]
[WhiteElo "2140"]
[BlackElo "2117"]
[Result "1-0"]
[Round "08"]
[TimeControl "180+1"]
[Date "2022.11.30"]
[WhiteClock "0:00:28"]
[BlackClock "0:00:06"]

1. d4 Nf6 2. c4 g6 3. f3 d5 4. cxd5 Nxd5 5. e4 Nb6 6. Nc3 Bg7 7. Be3 O-O 8. Qd2 Nc6 9. O-O-O Na5 10. b3 Nc6 11. h4 a5 12. Bb5 Nb4 13. h5 c6 14. Be2 a4 15. a3 axb3 16. axb4 Ra1+ 17. Kb2 Na4+ 18. Nxa4 Ra2+ 19. Kxb3 Rxd2 20. Rxd2 Be6+ 21. Kc3 Qa8 22. Bd1 b5 23. Nc5 Qa3+ 24. Nb3 Bc4 25. Ne2 Rd8 26. Bc2 Bxe2 27. Ra1 Bxd4+ 28. Bxd4 Qxa1+ 29. Nxa1 1-0


[Site "https://www.chess.com"]

[Event "Titled Tuesday Blitz November 29 Early 2022"]
[White "Berezin, Viktor"]
[Black "Aldokhin, Ivan"]
[WhiteFideId "14107872"]
[BlackFideId "24115720"]
[WhiteElo "2310"]
[BlackElo "2313"]
[Result "1-0"]
[Round "08"]
[TimeControl "180+1"]
[Date "2022.11.30"]
[WhiteClock "0:00:09"]
[BlackClock "0:00:02"]

1. Nf3 Nf6 2. c4 g6 3. g3 Bg7 4. Bg2 d6 5. O-O O-O 6. Nc3 Nc6 7. d3 e6 8. Rb1 d5 9. Nd2 a5 10. a3 Qd6 11. Nb5 Qe7 12. Qc2 Rd8 13. b3 d4 14. Qb2 e5 15. b4 axb4 16. axb4 Bg4 17. Ne4 Nxe4 18. Bxe4 Bf8 19. c5 Ra4 20. Bd2 Bxe2 21. Rfe1 Bg4 22. h4 Rda8 23. Bg5 f6 24. Bd2 Qd7 25. Ra1 Rxa1 26. Rxa1 Rxa1+ 27. Qxa1 Nxb4 28. Nxc7 Qxc7 29. Bxb4 Bd7 30. Qa2+ Kg7 31. h5 Bc6 32. h6+ Kxh6 33. Qg8 Qg7 34. Qe6 g5 35. Bxc6 bxc6 36. Qxc6 Qg6 37. Qd5 Qxd3 38. Qf7 Bg7 39. g4 Qb1+ 40. Kh2 Qg6 41. Qxg6+ Kxg6 42. c6 f5 43. gxf5+ Kxf5 44. c7 Ke4 45. c8=Q 1-0


[Site "https://www.chess.com"]

[Event "Titled Tuesday Blitz November 29 Early 2022"]
[White "Bogaudinov, Rushan"]
[Black "Przybylski, Wojciech"]
[WhiteFideId "4129288"]
[BlackFideId "1117599"]
[WhiteElo "1997"]
[BlackElo "2221"]
[Result "1-0"]
[Round "08"]
[TimeControl "180+1"]
[Date "2022.11.30"]
[WhiteClock "0:00:08"]
[BlackClock "0:00:05"]

1. a3 e5 2. e3 b6 3. b4 a5 4. Bb2 f6 5. b5 d5 6. d4 e4 7. c4 Be6 8. Nd2 f5 9. Nh3 Nf6 10. Nf4 Bf7 11. h4 Bd6 12. Nxd5 Nxd5 13. cxd5 O-O 14. Bc4 Nd7 15. h5 Nf6 16. h6 g5 17. Qb3 a4 18. Qa2 Bg6 19. Bc3 Qe7 20. Qb2 f4 21. Bb4 fxe3 22. fxe3 Ng4 23. Nf1 Qf6 24. Qe2 Kh8 25. Bxd6 cxd6 26. Qxg4 Qf2+ 27. Kd1 Qb2 28. Rc1 Rf2 29. Qd7 Bf7 30. Qxd6 Re8 31. Qb4 Qxb4 32. axb4 a3 33. Ke1 Rb2 34. Ra1 Rc8 35. Nd2 a2 36. Rxa2 Rxc4 37. Rxb2 Rc1+ 38. Kf2 Rxh1 39. d6 Be6 40. Nxe4 Rxh6 41. Nxg5 Rf6+ 42. Kg3 Bd7 43. e4 Rg6 44. Kf4 Kg7 45. Rc2 h6 46. Nf3 Rxd6 47. d5 Kg6 48. Ne5+ Kf6 49. Nxd7+ Rxd7 50. Rc6+ Kg7 51. Rxb6 Rf7+ 52. Ke5 Rf2 53. d6 Rd2 54. Rb7+ Kg6 55. g3 h5 56. Rb8 Kf7 57. Rh8 Rd1 58. Rxh5 Ke8 59. Ke6 Kf8 60. Rh8+ Kg7 61. Rc8 Re1 62. e5 Rf1 63. d7 Rd1 64. d8=Q Rd6+ 65. Kxd6 Kg6 66. Qf6+ Kh5 67. Qf5+ Kh6 68. Rh8+ Kg7 69. Rh7+ Kg8 70. Qf7# 1-0


[Site "https://www.chess.com"]

[Event "Titled Tuesday Blitz November 29 Early 2022"]
[White "Bortnyk, Olexandr"]
[Black "Abasov, Nijat"]
[WhiteFideId "14120828"]
[BlackFideId "13402960"]
[WhiteElo "2723"]
[BlackElo "2546"]
[Result "1-0"]
[Round "08"]
[TimeControl "180+1"]
[Date "2022.11.30"]
[WhiteClock "0:01:19"]
[BlackClock "0:00:06"]

1. e4 c5 2. c3 Nf6 3. e5 Nd5 4. d4 cxd4 5. Nf3 Nc6 6. cxd4 d6 7. Bc4 dxe5 8. Nxe5 e6 9. O-O Bd6 10. Nf3 O-O 11. Qe2 Be7 12. Nc3 Nxc3 13. bxc3 b6 14. Rd1 Bb7 15. d5 exd5 16. Bxd5 Qc7 17. Qe4 Na5 18. Bf4 Bxd5 19. Rxd5 Qxc3 20. Rc1 Qa3 21. Rd3 Qxa2 22. Qxe7 Nb3 23. Re1 Nc5 24. Rd2 Qa4 25. Rd4 Qb5 26. Qh4 Rae8 27. Red1 Ne6 28. Ng5 Nxg5 29. Qxg5 Qb2 30. Be3 a5 31. h3 Qb3 32. Qd5 1-0


[Site "https://www.chess.com"]

[Event "Titled Tuesday Blitz November 29 Early 2022"]
[White "Bowden, Karl"]
[Black "Hoffmann, Asa"]
[WhiteFideId "400548"]
[BlackFideId "2001470"]
[WhiteElo "2489"]
[BlackElo "2117"]
[Result "0-1"]
[Round "08"]
[TimeControl "180+1"]
[Date "2022.11.30"]
[WhiteClock "0:00:02"]
[BlackClock "0:00:25"]

1. e4 d6 2. d4 Nf6 3. Bd3 e5 4. c3 Nc6 5. Ne2 Be7 6. f4 Bg4 7. fxe5 dxe5 8. d5 Nb8 9. h3 Bh5 10. O-O Nbd7 11. c4 Nc5 12. Nbc3 a5 13. Bc2 O-O 14. Qe1 Bg6 15. Ng3 Ne8 16. Nf5 Bg5 17. Qg3 Bxc1 18. Raxc1 Bxf5 19. exf5 f6 20. Qe3 b6 21. Ba4 Nd6 22. Bc6 Rb8 23. b3 Qe7 24. Rb1 Rbd8 25. a3 Na6 26. Qe2 Nb8 27. Bb5 Nxb5 28. Nxb5 Na6 29. Rbc1 Rfe8 30. Kh1 e4 31. Qe3 Nc5 32. Nd4 Qe5 33. Ne6 Nxe6 34. fxe6 c6 35. Qxb6 cxd5 36. cxd5 Rxd5 37. Rc6 e3 38. Re1 e2 39. Qf2 Rd1 40. Rc1 Rxc1 41. Rxc1 Rxe6 42. Re1 Qe3 43. Qf5 Qxb3 44. Kh2 Qe3 0-1


[Site "https://www.chess.com"]

[Event "Titled Tuesday Blitz November 29 Early 2022"]
[White "Buksa, Nataliya"]
[Black "Forgacs, Attila Jr."]
[WhiteFideId "14123622"]
[BlackFideId "773654"]
[WhiteElo "2313"]
[BlackElo "2168"]
[Result "1-0"]
[Round "08"]
[TimeControl "180+1"]
[Date "2022.11.30"]
[WhiteClock "0:00:46"]
[BlackClock "0:00:01"]

1. d4 Nf6 2. Nc3 d5 3. Bf4 g6 4. e3 Bg7 5. h4 h5 6. Nf3 O-O 7. Be2 c5 8. Qd2 cxd4 9. exd4 Nc6 10. O-O Bf5 11. Bd3 Bxd3 12. Qxd3 Rc8 13. a3 Qd7 14. Ne2 Ne4 15. c3 Qg4 16. Bg3 Nxg3 17. Nxg3 Bf6 18. Qb5 Qd7 19. Rae1 a6 20. Qb3 Na5 21. Qc2 Nc4 22. a4 Qg4 23. Qb3 Qd7 24. Re2 b6 25. Rfe1 Qg4 26. Nf1 Rfe8 27. Ne3 Nxe3 28. Rxe3 e6 29. Qxb6 Rb8 30. Qc6 Rec8 31. Qxa6 Bxh4 32. Nxh4 Qxh4 33. b4 Ra8 34. Qb7 Rcb8 35. Qc7 Rc8 36. Qb6 Rxa4 37. Rxe6 Ra2 38. g3 Qg5 39. R6e5 Qg4 40. Qb7 Rxc3 41. Qb8+ Kh7 42. Re8 Rxg3+ 43. Qxg3 Qxd4 44. R8e7 Qf6 45. R1e2 Ra1+ 46. Kg2 h4 47. Qg4 h3+ 48. Qxh3+ Kg7 49. Qg3 Rd1 50. Qe5 1-0


[Site "https://www.chess.com"]

[Event "Titled Tuesday Blitz November 29 Early 2022"]
[White "Buscar, Michael"]
[Black "Kuznetsova, Olga"]
[WhiteFideId "2603616"]
[BlackFideId "4191323"]
[WhiteElo "2010"]
[BlackElo "2134"]
[Result "0-1"]
[Round "08"]
[TimeControl "180+1"]
[Date "2022.11.30"]
[WhiteClock "0:00:06"]
[BlackClock "0:00:26"]

1. e4 e5 2. Nf3 Nf6 3. Nxe5 d6 4. Nf3 Nxe4 5. d4 d5 6. Nc3 Nxc3 7. bxc3 Bd6 8. Bd3 O-O 9. O-O h6 10. c4 dxc4 11. Bxc4 Qf6 12. h3 Nc6 13. c3 Bf5 14. Re1 Rfe8 15. Be3 a6 16. Bd3 Be4 17. Bxe4 Rxe4 18. Nd2 Re7 19. Qb3 Na5 20. Qd5 Nc6 21. Rab1 Rd8 22. Ne4 Qg6 23. Nxd6 Rxd6 24. Qf3 b5 25. Bf4 Rde6 26. Be3 Rf6 27. Qg4 Qc2 28. Qe2 Qxc3 29. Rbc1 Qa5 30. Qg4 Qxa2 31. d5 Qxd5 32. Bxh6 Rxe1+ 33. Rxe1 Rxh6 34. Re8+ Kh7 35. Qc8 Qd1+ 36. Kh2 Qd6+ 37. g3 Re6 38. Rh8+ Kg6 39. Qg8 Kf6 40. Rh7 Ke7 41. Rxg7 Rf6 42. Kg1 Qd1+ 43. Kg2 Qf3+ 44. Kg1 Qxf2+ 45. Kh1 Qf1+ 46. Kh2 Rf2# 0-1


[Site "https://www.chess.com"]

[Event "Titled Tuesday Blitz November 29 Early 2022"]
[White "Cappelletto, Joshuaede"]
[Black "Pakleza, Zbigniew"]
[WhiteFideId "2824383"]
[BlackFideId "1119290"]
[WhiteElo "2237"]
[BlackElo "2411"]
[Result "0-1"]
[Round "08"]
[TimeControl "180+1"]
[Date "2022.11.30"]
[WhiteClock "0:00:04"]
[BlackClock "0:00:03"]

1. c4 c6 2. d4 d5 3. Nf3 Nf6 4. Nc3 Qb6 5. cxd5 cxd5 6. a3 Nc6 7. Bg5 Qxb2 8. Na4 Qb5 9. e4 Qa5+ 10. Bd2 Qd8 11. e5 Ne4 12. Bd3 Bg4 13. O-O Bxf3 14. gxf3 Nxd2 15. Qxd2 e6 16. Rab1 Be7 17. Kh1 Nxd4 18. Qf4 Nc6 19. Rg1 g6 20. Rxb7 Rb8 21. Bb5 Rxb7 22. Bxc6+ Rd7 23. Qh6 Qc7 24. Rc1 Qxe5 25. Qd2 Bd6 26. Kg2 Ke7 27. Bxd7 Kxd7 28. Rc2 Qxh2+ 29. Kf1 Qf4 30. Qa5 Ke7 31. Qxa7+ Kf6 32. Qb6 Qxa4 33. Rc6 Be5 34. Rc1 Ra8 35. Qb7 Qa6+ 0-1


[Site "https://www.chess.com"]

[Event "Titled Tuesday Blitz November 29 Early 2022"]
[White "Cardoso Cardoso, Jose Gabriel"]
[Black "Terzi, Alexei"]
[WhiteFideId "4430492"]
[BlackFideId "13505076"]
[WhiteElo "2484"]
[BlackElo "2172"]
[Result "0-1"]
[Round "08"]
[TimeControl "180+1"]
[Date "2022.11.30"]
[WhiteClock "0:00:45"]
[BlackClock "0:01:44"]

1. d4 Nf6 2. Nc3 e6 3. Bf4 d5 4. e3 Bd6 5. Qf3 O-O 6. g4 c5 7. O-O-O c4 8. g5 Ne8 9. h4 Nc6 10. h5 b5 11. Nxb5 Bxf4 12. Qxf4 Rb8 13. Nc3 Qa5 14. Nf3 Rxb2 15. Kxb2 Qb4+ 16. Kc1 Qxc3 17. a3 Na5 18. Nd2 Qxa3+ 19. Kb1 c3 20. Qb8 Bb7 0-1


[Site "https://www.chess.com"]

[Event "Titled Tuesday Blitz November 29 Early 2022"]
[White "Chernov, Mikhail"]
[Black "Koellner, Ruben Gideon"]
[WhiteFideId "24143170"]
[BlackFideId "12993093"]
[WhiteElo "2113"]
[BlackElo "2303"]
[Result "0-1"]
[Round "08"]
[TimeControl "180+1"]
[Date "2022.11.30"]
[WhiteClock "0:00:08"]
[BlackClock "0:00:13"]

1. e4 d6 2. d4 Nf6 3. Nc3 e5 4. Nf3 Nbd7 5. Bc4 Be7 6. O-O c6 7. Re1 h6 8. a4 Qc7 9. h3 Nf8 10. Qe2 g5 11. dxe5 dxe5 12. Nd2 Ng6 13. Nf1 g4 14. hxg4 Bxg4 15. f3 Bd7 16. Ng3 Nf4 17. Bxf4 exf4 18. Nf5 Bc5+ 19. Kh2 O-O-O 20. Rab1 Bxf5 21. exf5 Be3 22. Rbd1 Qe5 23. Rxd8+ Rxd8 24. Bd3 Nh5 25. Ne4 Qe7 26. Nf2 Qh4+ 27. Nh3 Kc7 28. Rd1 Qg3+ 29. Kh1 Qh4 30. Qe1 Ng3+ 31. Kh2 Qf6 32. Be4 Rxd1 33. Qxd1 Qxb2 34. Qd3 Qc1 0-1


[Site "https://www.chess.com"]

[Event "Titled Tuesday Blitz November 29 Early 2022"]
[White "Ciuffoletti, Paolo"]
[Black "Nugumanov, Bakhtiyar"]
[WhiteFideId "807630"]
[BlackFideId "13701797"]
[WhiteElo "2143"]
[BlackElo "2287"]
[Result "1-0"]
[Round "08"]
[TimeControl "180+1"]
[Date "2022.11.30"]
[WhiteClock "0:00:13"]
[BlackClock "0:00:56"]

1. e4 d6 2. d4 Nf6 3. Nc3 g6 4. f4 Bg7 5. Nf3 O-O 6. e5 dxe5 7. dxe5 Qxd1+ 8. Kxd1 Nh5 9. Bc4 Nc6 10. Ke1 Bh6 11. g3 Bg4 12. Kf2 Bxf3 13. Kxf3 Nd4+ 14. Kf2 Nxc2 15. Rb1 e6 16. Ne4 Rfd8 17. Bb3 Nd4 18. Bd1 Bf8 19. Bxh5 gxh5 20. Be3 Nf5 21. Rbd1 h4 22. gxh4 Nxh4 23. Rhg1+ Kh8 24. Nf6 Ng6 25. h4 Bh6 26. Kf3 Nxh4+ 27. Ke4 Nf5 28. Rxd8+ Rxd8 29. Bc5 b6 30. Bf2 c5 31. Rh1 Rd2 32. Ng4 Bg7 33. Bh4 Rxb2 34. Bf6 Rxa2 35. Bxg7+ Kxg7 36. Nf6 h6 37. Rg1+ 1-0


[Site "https://www.chess.com"]

[Event "Titled Tuesday Blitz November 29 Early 2022"]
[White "Clawitter, Craig"]
[Black "Osinovsky, Stepan"]
[WhiteFideId "2023105"]
[BlackFideId "4157354"]
[WhiteElo "2270"]
[BlackElo "2222"]
[Result "0-1"]
[Round "08"]
[TimeControl "180+1"]
[Date "2022.11.30"]
[WhiteClock "0:00:04"]
[BlackClock "0:00:50"]

1. e4 e5 2. Nf3 Nc6 3. Bb5 a6 4. Ba4 Nf6 5. O-O Be7 6. d3 b5 7. Bb3 O-O 8. Nc3 Re8 9. a4 b4 10. Nd5 h6 11. a5 Bf8 12. Bd2 Nd4 13. Nxd4 exd4 14. Bxb4 Nxd5 15. Bxf8 Nf4 16. Qg4 Ng6 17. Qxg6 Rxf8 18. f4 d5 19. Qg3 dxe4 20. dxe4 c5 21. f5 Qg5 22. Qd6 Bb7 23. Bd5 Rfd8 24. Qxc5 Bxd5 25. exd5 Qe3+ 26. Kh1 Rac8 27. Qb6 Rxd5 28. f6 Rxc2 29. Rae1 Qd2 30. Qb8+ Kh7 31. Qg3 Rg5 32. fxg7 Rxg3 33. g8=Q+ Rxg8 34. Rxf7+ Rg7 35. Rxg7+ Kxg7 36. Re7+ 0-1


[Site "https://www.chess.com"]

[Event "Titled Tuesday Blitz November 29 Early 2022"]
[White "Costachi, Mihnea"]
[Black "Bok, Benjamin"]
[WhiteFideId "1217518"]
[BlackFideId "1017063"]
[WhiteElo "2424"]
[BlackElo "2658"]
[Result "0-1"]
[Round "08"]
[TimeControl "180+1"]
[Date "2022.11.30"]
[WhiteClock "0:00:06"]
[BlackClock "0:00:12"]

1. d4 Nf6 2. c4 e6 3. Nf3 d5 4. Nc3 c6 5. e3 Nbd7 6. b3 Bd6 7. Bb2 O-O 8. Be2 b6 9. O-O Bb7 10. Rc1 Qe7 11. Na4 dxc4 12. bxc4 c5 13. Ne5 cxd4 14. exd4 Ba3 15. Nxd7 Nxd7 16. Bxa3 Qxa3 17. c5 Bc6 18. Nc3 bxc5 19. dxc5 Rfd8 20. Qd6 Rac8 21. Rfd1 g6 22. h4 Nxc5 23. Qxd8+ Rxd8 24. Rxd8+ Kg7 25. Rdd1 Qb2 26. Bf1 a5 27. Ne2 Qe5 28. Nd4 Ba8 29. Nb5 Ne4 30. Nc7 Bb7 31. Rd7 Bd5 32. Nxd5 exd5 33. Rcc7 Qf6 34. Rxf7+ Qxf7 35. Rxf7+ Kxf7 36. f3 Nc3 37. a3 Nb1 38. Kf2 Nxa3 39. Ke3 Ke6 40. Kd4 Kd6 41. Bd3 a4 42. f4 Nc4 43. Bxc4 dxc4 44. Kxc4 h5 45. g3 Ke6 46. Kb4 Kf5 47. Kxa4 Kg4 48. Kb5 Kxg3 49. f5 gxf5 50. Kc5 f4 51. Kd4 f3 52. Ke5 f2 53. Kf5 f1=Q+ 54. Kg5 Qf3 0-1


[Site "https://www.chess.com"]

[Event "Titled Tuesday Blitz November 29 Early 2022"]
[White "Csonka, Balazs"]
[Black "Manukyan, Sargis A."]
[WhiteFideId "742910"]
[BlackFideId "13303970"]
[WhiteElo "2404"]
[BlackElo "2187"]
[Result "1-0"]
[Round "08"]
[TimeControl "180+1"]
[Date "2022.11.30"]
[WhiteClock "0:00:11"]
[BlackClock "0:00:05"]

1. c4 c5 2. Nf3 Nf6 3. Nc3 Nc6 4. e3 d5 5. cxd5 Nxd5 6. Bb5 Nc7 7. Bxc6+ bxc6 8. Qa4 e6 9. O-O Bd7 10. Rd1 Be7 11. Ne5 Nd5 12. b3 Nb6 13. Qe4 Qc7 14. Ba3 O-O 15. Rac1 Be8 16. f4 f6 17. Nc4 Qd7 18. d4 Bg6 19. Qf3 cxd4 20. Rxd4 Qe8 21. Bxe7 Qxe7 22. Qxc6 Rac8 23. Qd6 Qf7 24. Nxb6 axb6 25. Qxb6 e5 26. Rdd1 exf4 27. exf4 Bf5 28. Nb5 Qg6 29. Rxc8 Bxc8 30. Qf2 Bb7 31. Nd6 Ba8 32. h3 h5 33. Rd2 Rd8 34. Kh2 Kh7 35. Nc4 Re8 36. Nb6 Bb7 37. Nd5 Rd8 38. Ne3 Rxd2 39. Qxd2 Qe4 40. Qf2 f5 41. h4 g6 42. Nc4 Kh6 43. Ne5 Bd5 44. Qg3 Qe3 45. Qxg6# 1-0


[Site "https://www.chess.com"]

[Event "Titled Tuesday Blitz November 29 Early 2022"]
[White "Czopor, Maciej"]
[Black "Papasimakopoulos, Alexandros"]
[WhiteFideId "21805431"]
[BlackFideId "4244125"]
[WhiteElo "2324"]
[BlackElo "2365"]
[Result "0-1"]
[Round "08"]
[TimeControl "180+1"]
[Date "2022.11.30"]
[WhiteClock "0:00:27"]
[BlackClock "0:00:06"]

1. c4 b6 2. Nc3 Bb7 3. e4 c5 4. Nf3 Nc6 5. d4 cxd4 6. Nxd4 g6 7. Be3 Bg7 8. Be2 d6 9. Nc2 Nf6 10. O-O O-O 11. Rc1 Rc8 12. b3 Nd7 13. Nd5 Nc5 14. f3 g5 15. Bxg5 h6 16. Bh4 Ne6 17. f4 Nc5 18. Bf3 Re8 19. Kh1 Ne6 20. Bg4 Rb8 21. b4 Ncd4 22. Nxd4 Nxd4 23. Qd3 a6 24. Rcd1 b5 25. Qe3 Ne6 26. f5 Ng5 27. Bxg5 hxg5 28. Qxg5 Bxd5 29. cxd5 Rc8 30. f6 exf6 31. Qh5 Rc3 32. Bf5 Qc7 33. h3 Kf8 34. Rf4 Rg3 35. Rf3 Rg5 36. Qh4 Qc2 37. Rdf1 Qxa2 38. R3f2 Qb3 39. Qf4 Qxb4 40. h4 Rxf5 41. Qxf5 Rxe4 42. Rf4 Rxf4 43. Rxf4 Qc3 44. Qc8+ Qxc8 45. Rf3 Qc1+ 46. Kh2 f5 47. Rxf5 Be5+ 48. Kh3 Qh1+ 49. Kg4 Qxg2+ 50. Kh5 b4 51. Rg5 Qf3+ 52. Kh6 Qf4 53. h5 Bf6 54. Kh7 Qxg5 55. h6 Qg6# 0-1


[Site "https://www.chess.com"]

[Event "Titled Tuesday Blitz November 29 Early 2022"]
[White "De Souza, Cristiano Gomes"]
[Black "Vifleemskaia, Svetlana"]
[WhiteFideId "2151758"]
[BlackFideId "4129490"]
[WhiteElo "2068"]
[BlackElo "1929"]
[Result "0-1"]
[Round "08"]
[TimeControl "180+1"]
[Date "2022.11.30"]
[WhiteClock "0:00:10"]
[BlackClock "0:01:17"]

1. d4 Nf6 2. c4 e6 3. Nf3 Bb4+ 4. Bd2 Qe7 5. a3 Bxd2+ 6. Qxd2 d6 7. Nc3 O-O 8. e4 e5 9. d5 a5 10. Bd3 a4 11. Bc2 Bd7 12. O-O c6 13. Rfe1 c5 14. Qd1 Qe8 15. h3 Nh5 16. Ne2 b5 17. cxb5 Bxb5 18. Ng3 Nf4 19. Rc1 g6 20. Kh2 Nd7 21. Nf1 Nb6 22. Ne3 Nc4 23. Nxc4 Bxc4 24. g3 Nh5 25. Qd2 Kg7 26. Bd3 Bxd3 27. Qxd3 Rb8 28. Re2 Qb5 29. Rc4 h6 30. Qc2 Ra8 31. Re3 Rfb8 32. Re2 Qb3 33. Qxb3 Rxb3 34. Kg2 Kf8 35. Rec2 Ke7 36. Nd2 Rb5 37. Nb1 f5 38. Nc3 Rba5 39. exf5 gxf5 40. Re2 Kf6 41. Nd1 Kg6 42. Ne3 Nf6 43. f3 Rb5 44. g4 f4 45. Nf5 Nxd5 46. Nxd6 Ne3+ 47. Rxe3 Rxb2+ 48. Kf1 fxe3 49. Re4 Rd8 0-1


[Site "https://www.chess.com"]

[Event "Titled Tuesday Blitz November 29 Early 2022"]
[White "Deac, Bogdan-Daniel"]
[Black "Caruana, Fabiano"]
[WhiteFideId "1226380"]
[BlackFideId "2020009"]
[WhiteElo "2648"]
[BlackElo "2847"]
[Result "1/2-1/2"]
[Round "08"]
[TimeControl "180+1"]
[Date "2022.11.30"]
[WhiteClock "0:00:06"]
[BlackClock "0:00:11"]

1. e4 e5 2. Nf3 Nc6 3. Bb5 a6 4. Ba4 Nf6 5. O-O b5 6. Bb3 Bc5 7. c3 d6 8. d4 Bb6 9. Be3 O-O 10. Nbd2 h6 11. h3 Re8 12. Re1 Bd7 13. Bc2 Rb8 14. a3 Na7 15. b4 Nc8 16. Bd3 c6 17. Qc2 Bc7 18. c4 Ne7 19. c5 Ng6 20. cxd6 Bxd6 21. dxe5 Nxe5 22. Nxe5 Bxe5 23. Rad1 Qc7 24. Nf3 Bf4 25. Bxf4 Qxf4 26. e5 Nd5 27. Bh7+ Kh8 28. Re4 Bf5 29. Rxf4 Bxc2 30. Rxd5 Kxh7 31. Rc5 Bb3 32. Rxc6 Ra8 33. Rd4 a5 34. Rc5 Reb8 35. Nd2 Be6 36. Ne4 axb4 37. axb4 Ra1+ 38. Kh2 Re1 39. Nd6 Ra8 40. Rxb5 Ra2 41. Rf4 Ree2 42. Nxf7 Rxf2 43. Rxf2 Rxf2 44. Nd8 Bf5 45. e6 Be4 46. Kg3 Rxg2+ 47. Kf4 Bg6 48. Re5 Rb2 49. b5 Rb4+ 50. Kg3 Be8 51. Nc6 Rb3+ 52. Kh2 Kg6 53. e7 Kf6 54. Rc5 g5 55. Rd5 Bxc6 56. bxc6 Kxe7 57. Rd7+ Ke6 58. Rh7 Rc3 59. Rxh6+ Kf5 60. Kg2 Kf4 61. Kf2 Rc2+ 62. Ke1 g4 63. hxg4 Kxg4 64. Kd1 Rc5 65. Kd2 Kg5 66. Rd6 Kf5 67. Kd3 Ke5 68. Rh6 Kd5 69. Rh5+ Kxc6 70. Rxc5+ Kxc5 1/2-1/2


[Site "https://www.chess.com"]

[Event "Titled Tuesday Blitz November 29 Early 2022"]
[White "Deev, Andrei"]
[Black "Devaev, Alexander"]
[WhiteFideId "4102690"]
[BlackFideId "4169395"]
[WhiteElo "2310"]
[BlackElo "2225"]
[Result "0-1"]
[Round "08"]
[TimeControl "180+1"]
[Date "2022.11.30"]
[WhiteClock "0:00:01"]
[BlackClock "0:00:04"]

1. e4 c6 2. c4 d5 3. cxd5 cxd5 4. exd5 Nf6 5. Nc3 Nxd5 6. Bc4 e6 7. Nf3 Nc6 8. d4 Bb4 9. O-O Nxc3 10. bxc3 Bxc3 11. Ba3 Qa5 12. Qb3 Bb4 13. Bb2 O-O 14. Rad1 Ne7 15. Ne5 Bd6 16. Qh3 Ng6 17. Rfe1 Qc7 18. Bd3 Bd7 19. Rc1 Qd8 20. Qf3 Bxe5 21. dxe5 Bc6 22. Be4 Bxe4 23. Qxe4 Qb6 24. Ba3 Rfc8 25. Rb1 Qa6 26. Bd6 b6 27. h4 Qxa2 28. h5 Nf8 29. h6 Ng6 30. hxg7 Qc4 31. Qb7 Qc6 32. Qa6 Qc4 33. Qa3 Qg4 34. Qe3 Kxg7 35. g3 Rc4 36. Kg2 Rac8 37. Rh1 h5 38. Rbe1 h4 39. Qf3 h3+ 40. Rxh3 Nf4+ 41. Qxf4 Rxf4 42. Re3 Rf5 43. Rh4 Qg6 0-1


[Site "https://www.chess.com"]